 Dungeon Crawl Stone Soup version 0.29-a0-517-gbdf32494f2 (webtiles) character file.

Game seed: 1902517577822333913

9 dolemite99 the Skirmisher (level 2, 0/24 HPs)
             Began as a Demonspawn Fighter on May 30, 2022.
             Slain by a kobold
             ... wielding a +0 short sword
              (4 damage)
             ... on level 1 of the Dungeon.
             The game lasted 00:00:11 (259 turns).

dolemite99 the Skirmisher (Demonspawn Fighter)       Turns: 259, Time: 00:00:11

Health: 0/24       AC:  6    Str: 16    XL:     2   Next: 6%
Magic:  2/2        EV:  8    Int:  9    God:
Gold:   0          SH:  4    Dex: 12    Spells: 1/1 levels left

rFire   . . .      SeeInvis .   a - +0 trident
rCold   . . .      Faith    .   c - +0 buckler
rNeg    . . .      Spirit   .   b - +0 scale mail
rPois   .          Reflect  .   (no helmet)
rElec   .          Harm     .   (no cloak)
rCorr   .          Rampage  .   (no gloves)
Will    .....                   (no boots)
Stlth   ..........              (no amulet)
HPRegen 0.08/turn               (no ring)
MPRegen 0.08/turn               (no ring)

@: mighty
A: claws 1
a: no special abilities


You were on level 1 of the Dungeon.
You visited 1 branch of the dungeon, and saw 1 of its levels.

Inventory:

Hand Weapons
 a - a +0 trident (weapon)
Missiles
 e - 49 stones (quivered)
Armour
 b - a +0 scale mail (worn)
 c - a +0 buckler (worn)


   Skills:
 - Level 3.0 Fighting
 + Level 2.5 Polearms
 - Level 2.6 Armour
 - Level 2.6 Shields


You had one spell level left.
You didn't know any spells.
Your spell library was empty.

Dungeon Overview and Level Annotations

Branches:
Dungeon (1/15)

Altars:


Innate Abilities, Weirdness & Mutations

You have sharp fingernails.


Message History

The giant cockroach attacks as you move away!
The giant cockroach bites you. The kobold attacks as you move away!
You block the kobold's attack.
The giant cockroach bites you but does no damage.
You see here a bat corpse.
You hit the giant cockroach.
You kill the giant cockroach!
You barely miss the kobold. The kobold barely misses you.
The kobold hits you but does no damage.
You closely miss the kobold. The kobold barely misses you.
You closely miss the kobold. You block the kobold's attack.
You hit the kobold but do no damage.
The kobold hits you with a +0 short sword.
You hit the kobold.
The kobold is heavily wounded.
A bat comes into view.
The kobold hits you with a +0 short sword.
You block the kobold's attack.
The bat moves out of view.
You closely miss the kobold.
The kobold is heavily wounded.
The kobold hits you with a +0 short sword.
You miss the kobold.
The kobold is heavily wounded.
The kobold hits you with a +0 short sword.
* * * LOW HITPOINT WARNING * * *
You are too injured to fight recklessly!
You puncture the kobold!
You kill the kobold!
You have reached level 2!
Your demonic ancestry asserts itself...
Your fingernails lengthen.
You feel very mighty all of a sudden. The endoplasm hits you.
* * * LOW HITPOINT WARNING * * *
You puncture the endoplasm!
You kill the endoplasm!
The kobold hits you but does no damage.
You closely miss the kobold.
The kobold hits you with a +0 short sword.
You die...

#....# ####.....##
####.####^......## #
.....#.......##### .#
.....#...†####...##..#
######...##.........#
#.....[.....#
##...##.....#
#########..#
..##..##@# .......#K#
...J....S# ......)(.#
.......### ...>...
....... .......
.?.....


You could see a ball python and a kobold.

Vanquished Creatures
  2 ball pythons (D:1)
  An endoplasm (D:1)
  A giant cockroach (D:1)
  2 kobolds (D:1)
  A bat (D:1)
  A rat (D:1)
8 creatures vanquished.

Notes
Turn   | Place    | Note
-------+----------+-------------------------------------------
     0 | D:1      | dolemite99 the Demonspawn Fighter began the quest for the
                  | Orb.
     0 | D:1      | Reached XP level 1. HP: 18/18 MP: 1/1
   257 | D:1      | Gained mutation: You have sharp fingernails. [demonic
                  | ancestry]
   257 | D:1      | Reached XP level 2. HP: 5/24 MP: 2/2
   259 | D:1      | Slain by a kobold

Illustrated notes

Levels and vault maps discovered:
D:1:      dpeg_arrival_circle_labyrinth_a, layout_rooms,
          shapermc_ecumenical_altar_starsandcircs, st_stairs_5

Skill      XL: |  1 |
---------------+----+-----
Polearms       | 2 |  2.5
Fighting       | |  3.0
Armour         | |  2.6
Shields        | |  2.6

Action                   || total
-------------------------++-------
Melee: Trident           ||    28
Throw: Stone             ||     4
  Use: Potion            ||     1
Armor: Scale mail        ||     8
Dodge: Dodged            ||     7
Block: Buckler           ||     8

Table legend: (Time is in decaauts)
 A = Elapsed time spent in this place.
 B = Non-inter-level travel time spent in this place.
 C = Inter-level travel time spent in this place.
 D = Time resting spent in this place.
 E = Time spent auto-exploring this place.
 F = Levels seen in this place.
 G = Mean time per level.
                   A        B        C        D        E       F      G
               +--------+--------+--------+--------+--------+-----+--------+
         Total |    266 |    266 |      0 |      0 |    213 |   1 |  266.0 |
       Dungeon |    266 |    266 |      0 |      0 |    213 |   1 |  266.0 |
               +--------+--------+--------+--------+--------+-----+--------+

Top non-repeatable levels by time:
     D:1: 266 daAuts
